AoeStats
← kimbo

Socotra

506122659Analyzed
2v2 RM · 20d ago on Sep 12, 2026· 27m 21s· 4 players
Game mode
Random Map
Map size
Tiny (2 player)
Population
200
Speed
Normal
Resources
Standard
Victory
Conquest
Starting age
Dark Age
Ending age
Imperial Age
RankedLock teamsTeams togetherTeam positionsShared explorationLock speedFull tech treeHidden civsTurbo modeCheats
Victory
Defeat
🇦🇷 Maya · Argentina
1328
+17
🇦🇷 Magyars · Argentina
1325
+17
🇭🇰 Goths · Hong Kong SAR China
1355
-17
🇭🇰 Mongols · Hong Kong SAR China
1345
-17
Pingocho
8:52 Feudal Age
8:52 Loom
10:26 Double-Bit Axe
21:52 Castle Age
20:31 Scale Barding Armor
21:05 Bloodlines
23:00 Chain Barding Armor
23:14 Gold Mining
25:35 Horse Collar
26:54 Husbandry
kimbo
0:25 Loom
9:42 Feudal Age
13:52 Fletching
19:48 Double-Bit Axe
24:47 Castle Age
23:08 Gold Mining
23:02 Horse Collar
23:44 Padded Archer Armor
24:55 Crossbowman
25:46 Bodkin Arrow
26:21 Bow Saw
blue
1:21 Loom
9:00 Feudal Age
15:54 Fletching
18:12 Double-Bit Axe
18:10 Horse Collar
26:39 Castle Age
26:37 Stone Mining
leo2000112
0:35 Loom
16:19 Feudal Age
16:36 Man-at-Arms
17:48 Double-Bit Axe
20:06 Gold Mining
25:48 Castle Age
Connection lost

Rejoining the realm…

Still unreachable

The connection could not be restored.

Session expired

The server has moved on; the page needs a fresh start.